 Dungeon Sprint DCSS version 0.23.1 (webtiles) character file.

Game seed: 3924294667303052824

58 wilfster70 the Sneak (level 3, -8/16 HPs)
             Began as a Spriggan Enchanter on Mar 7, 2019.
             Splashed by an oklob sapling priest's acid (13 damage)
             ... in the Dungeon (Sprint IV: "Fedhas' Mad Dash").
             The game lasted 00:01:25 (83 turns).

wilfster70 the Sneak (Spriggan Enchanter)             Turns: 83, Time: 00:01:28

Health: -8/16      AC: -2    Str:  4    XL:     3   Next: 75%
Magic:  8/11       EV: 18    Int: 17    God:
Gold:   35         SH:  0    Dex: 16    Spells: 7/13 levels left

rFire    . . .     SeeInvis +   a - +1 dagger
rCold    . . .     Gourm    .   (shield restricted)
rNeg     . . .     Faith    .   b - +0 robe
rPois    .         Spirit   .   (helmet restricted)
rElec    .         Reflect  .   (no cloak)
rCorr    .         Harm     .   (gloves unavailable)
MR       .....     NoTele   +   (boots unavailable)
Stlth    ++++......             c - amulet of invisibility {+Inv}
HPRegen  0.05/turn              (no ring)
MPRegen  0.12/turn              (no ring)

@: corroded, very quick
A: very small, unfitting armour, see invisible, herbivore, speed 3, slow
metabolism 2
a: Evoke Invisibility


You were in the Dungeon.
You were not hungry.

You visited 1 branch You collected 35 gold pieces.

Inventory:

Hand Weapons
 a - a +1 dagger (weapon)
Armour
 b - a +0 robe (worn)
Jewellery
 c - the amulet of invisibility (around neck) {+Inv}
   (You found it in the Dungeon)

   [amulet of nothing]

   It lets you turn invisible.
Scrolls
 j - a scroll of blinking
Potions
 e - a potion of curing
 f - a potion of heal wounds
 g - a potion of haste
 h - 2 potions of magic
 i - a potion of berserk rage
Comestibles
 d - a ration


   Skills:
 - Level 1.1 Short Blades
 - Level 3.0 Dodging
 + Level 7.8 Stealth
 + Level 5.6 Spellcasting
 + Level 6.1 Hexes
 + Level 1.2 Ice Magic
 + Level 0.0 Evocations


You had 7 spell levels left.
You knew the following spells:

 Your Spells              Type           Power        Failure   Level  Hunger
a - Corona                Hex            ####...      1%          1    None
b - Ensorcelled Hibernat  Hex/Ice        ###...       4%          2    #......
c - Confuse               Hex            ####....     3%          3    ##.....

Your spell library contained the following spells:

 Spells                   Type           Power        Failure   Level  Hunger
 Tukima's Dance           Hex            ####....     3%          3    ##.....
 Dazzling Spray           Conj/Hex       ###...       12%         3    ##.....


Dungeon Overview and Level Annotations

Branches:
Dungeon (1/1)

Altars:
Cheibriados
Gozag
Hepliaklqana
Makhleb
Nemelex Xobeh
Ru
Sif Muna
Trog
Wu Jian
Xom
Yredelemnul
Beogh
Jiyva

Annotations:
D exclusion: oklob sapling


Innate Abilities, Weirdness & Mutations

You are very small and have problems with some larger weapons.
You are too small for most types of armour.
You have supernaturally acute eyesight. (SInv)
You are a herbivore.
You cover ground extremely quickly.
You need to consume almost no food.


Message History

You now have 35 gold pieces (gained 4).
You open the door.
Found ten altars.
Marking area around the oklob sapling priest as unsafe for travelling.
An oklob sapling priest comes into view.
Found three altars.
There is an open door here.
Really walk into a travel-excluded area?
There is an open door here.
Cast which spell? (? or * to list)
Aiming: Confuse (safe; 3% risk of failure)
Press: ? - help, Shift-Dir - straight line, f - oklob sapling priest
Aim: an oklob sapling priest (chance to defeat MR: 54%)
The oklob sapling priest resists with significant effort.
The oklob sapling priest spits acid at you.
The splash of acid hits you!
Ouch! That really hurt!
The acid corrodes you!
You are splashed with acid!
Ouch! That really hurt!
You die...

########################
<..P#....†#.....#.⌠._._.
PP..'.[...'.#.[.@.._._._
PPPP#.....#.#...#..._._P
##############+##.._._._
._._._. #######


You could see an oklob sapling priest.

Vanquished Creatures
  An oklob sapling (D)
  A worker ant (D)
  A river rat (D)
  A rat (D)
4 creatures vanquished.

Notes
Turn   | Place    | Note
-------+----------+-------------------------------------------
     0 | D        | wilfster70 the Spriggan Enchanter began the quest for the
                  | Orb.
     0 | D        | Reached XP level 1. HP: 9/9 MP: 5/5
     9 | D        | Reached skill level 5 in Stealth
     9 | D        | Reached XP level 2. HP: 13/13 MP: 5/7
    13 | D        | Noticed an oklob sapling
    15 | D        | Killed an oklob sapling
    15 | D        | Reached skill level 7 in Stealth
    15 | D        | Reached skill level 5 in Spellcasting
    15 | D        | Reached skill level 5 in Hexes
    15 | D        | Reached XP level 3. HP: 16/16 MP: 5/10
    56 | D        | Learned a level 2 spell: Ensorcelled Hibernation
    60 | D        | Learned a level 3 spell: Confuse
    62 | D        | Found the amulet of invisibility {+Inv}
    63 | D        | Reached skill level 1 in Ice Magic
    79 | D        | Found an opulent altar of Gozag.
    79 | D        | Found a hazy altar of Hepliaklqana.
    79 | D        | Found a burning altar of Makhleb.
    79 | D        | Found a roughly hewn altar of Beogh.
    79 | D        | Found a sparkling altar of Nemelex Xobeh.
    79 | D        | Found a snail-covered altar of Cheibriados.
    79 | D        | Found a sacrificial altar of Ru.
    79 | D        | Found a deep blue altar of Sif Muna.
    79 | D        | Found a shimmering altar of Xom.
    79 | D        | Found a basalt altar of Yredelemnul.
    80 | D        | Found a viscous altar of Jiyva.
    80 | D        | Found a bloodstained altar of Trog.
    80 | D        | Found an ornate altar of the Wu Jian Council.
    80 | D        | Noticed an oklob sapling priest
    83 | D        | Splashed by an oklob sapling priest's acid

Skill      XL: |  1  2  3 |
---------------+----------+-----
Stealth        | 5 7 |  7.8
Spellcasting   | 3 5 |  5.6
Hexes          | 4 5 6 |  6.1
Ice Magic      | 1 |  1.2
Short Blades   | |  1.1
Dodging        | |  3.0

Action                   || total
-------------------------++-------
Melee: Dagger            ||     5
 Cast: Confuse           ||     1
 Stab: Sleeping          ||     4
